 Dungeon Crawl Stone Soup version 0.23-a0-516-g0f8c245 (webtiles) character file.

19 galech the Skirmisher (level 2, 0/24 HPs)
             Began as a Demonspawn Fighter on Dec 5, 2018.
             Succumbed to a kobold's poison
             ... on level 1 of the Dungeon.
             The game lasted 00:00:37 (530 turns).

galech the Skirmisher (Demonspawn Fighter)           Turns: 530, Time: 00:00:38

Health: 0/24       AC:  6    Str: 16    XL:     2   Next: 55%
Magic:  2/2        EV:  6    Int:  9    God:
Gold:   29         SH:  8    Dex: 12    Spells: 1/1 levels left

rFire    . . .     SeeInvis .   a - +0 war axe
rCold    + . .     Gourm    .   c - +0 shield
rNeg     . . .     Faith    .   b - +0 scale mail
rPois    .         Spirit   .   (no helmet)
rElec    .         Reflect  .   o - scarf {cloud immunity}
rCorr    .         Harm     .   (no gloves)
MR       .....                  (no boots)
Stlth    ..........             (no amulet)
HPRegen  0.08/turn              (no ring)
MPRegen  0.08/turn              (no ring)

@: lethally poisoned (0 -> -35)
A: cold resistance 1
a: no special abilities


You were on level 1 of the Dungeon.
You were not hungry.

You visited 1 branch of the dungeon, and saw 1 of its levels.

You collected 29 gold pieces.

Inventory:

Hand Weapons
 a - a +0 war axe (weapon)
Armour
 b - a +0 scale mail (worn)
 c - a +0 shield (worn)
 o - a scarf of cloud immunity (worn)
Scrolls
 e - a scroll of remove curse {unknown}
 h - a scroll of fog {unknown}
 k - a scroll of enchant weapon {unknown}
 l - 2 scrolls of blinking {unknown}
 n - 2 scrolls of identify {unknown}
 p - a scroll of teleportation {unknown}
Potions
 d - 2 potions of might
 g - a potion of haste {unknown}
 i - a potion of ambrosia {unknown}
 m - 2 potions of agility {unknown}
 q - a potion of magic {unknown}
Comestibles
 f - 2 rations
 j - a chunk of flesh


   Skills:
 + Level 3.2 Fighting
 + Level 1.8 Axes
 + Level 3.0 Armour
 + Level 0.1 Dodging
 + Level 2.9 Shields


You had one spell level left.
You didn't know any spells.
Your spell library was empty.

Dungeon Overview and Level Annotations

Branches:
Dungeon (1/15)

Altars:


Innate Abilities, Weirdness & Mutations

Your flesh is cold resistant. (rC+)


Message History

You block the kobold's attack.
The kobold hits you but does no damage. x3
The kobold hits you with a +0 whip.
You slash the kobold!
You kill the kobold!
Your shield and scale mail prevent you from hitting the kobold.
Your scale mail prevents you from hitting the kobold.
You feel very sick. The kobold closely misses you.
You block the kobold's attack.
Unknown command.
You hit the kobold.
You kill the kobold!
You hit the kobold but do no damage.
* * * LOW HITPOINT WARNING * * *
You feel very sick.
The kobold hits you with a +0 dagger of venom.
* * * LOW HITPOINT WARNING * * *
The kobold hits you but does no damage.
You are more poisoned.
You miss the kobold.
You die...

#.##.#...#...#### .#
≈^........
#.##.#.#...#....##.
≈.P♣......
#........#...##... ♣♣
♣♣.♣♣♣♣ ####.##...........
## .. P ####.###.....##.##
..# P.^ ♣. .....# ##..####.#
... ♣♣≈≈ #########.......#
.. #....####(##.##.#
###.#..## #.@)....#
#.......# #.K(....##########
#.##.##.# #.......##.......#
#.##.##.###.......##.......#
#.##.....##.......##.......#
#.#####..##.......##.......#
#.#####..##.......##.....>.#
#........##.......##.......#
########.##### #.......#


You could see a kobold.

Vanquished Creatures
  A dart slug (D:1)
  A ball python (D:1)
  3 bats (D:1)
  4 goblins (D:1)
  2 hobgoblins (D:1)
  2 kobolds (D:1)
  3 rats (D:1)
16 creatures vanquished.

Notes
Turn   | Place    | Note
-------+----------+-------------------------------------------
     0 | D:1      | galech the Demonspawn Fighter began the quest for the Orb.
     0 | D:1      | Reached XP level 1. HP: 18/18 MP: 1/1
   126 | D:1      | Gained mutation: Your flesh is cold resistant. (rC+)
                  | [demonic ancestry]
   126 | D:1      | Reached XP level 2. HP: 19/24 MP: 2/2
   530 | D:1      | Succumbed to a kobold's poison

Vault maps used:
D:1:      psy_arrival_wood_between_worlds, hex_tiny

Skill      XL: |  1  2 |
---------------+-------+-----
Armour         | 3 |  3.0
Fighting       | |  3.2
Axes           | |  1.8
Dodging        | |  0.1
Shields        | |  2.9

Action                   || total
-------------------------++-------
Melee: War axe           ||    48
Armor: Scale mail        ||    46
Dodge: Dodged            ||     7
Block: Shield            ||    34

Table legend:
 A = Non-vault XP
 B = Vault XP
 C = Vault XP percentage of total XP
 D = Non-vault monster count
 E = Vault monster count
 F = Vault count percentage of total count
                 A         B        C        D         E       F
            +---------+---------+-------+---------+---------+-------
      Total |      28 |       0 |   0.0 |      16 |       0 |   0.0
            +---------+---------+-------+---------+---------+-------
        D:1 |      28 |       0 |   0.0 |      16 |       0 |   0.0
            +---------+---------+-------+---------+---------+-------
